 Dungeon Crawl Stone Soup version 0.30-a0-743-gbfdf073431 (webtiles) character file.

Game seed: 16058864569807413728

4498 IdlyInterested the Basher (level 10, -4/123 HPs)
             Began as a Demonspawn Fighter on Feb 6, 2023.
             Slain by RandomusNamus's ghost (10 damage)
             ... on level 8 of the Dungeon.
             The game lasted 00:28:33 (8834 turns).

IdlyInterested the Basher (Demonspawn Fighter)      Turns: 8834, Time: 00:28:33

Health: -4/123     AC: 18    Str: 21    XL:     10   Next: 16%
Magic:  10/10      EV: 11    Int:  9    God:
Gold:   169        SH:  4    Dex: 13    Spells: 9/9 levels left

rFire   . . .      SeeInvis .    J - +0 morningstar
rCold   . . .      Faith    .    c - +0 buckler
rNeg    + . .      Spirit   .    n - +2 leather armour {rPois}
rPois   +          Reflect  .    e - +2 helmet
rElec   .          Harm     .    g - +0 cloak
rCorr   .          Rampage  .    i - +1 pair of gloves
Will    .....                    o - +0 pair of boots Stlth
                                 (no amulet)
HPRegen 0.40/turn                w - +4 ring of protection
MPRegen 0.12/turn                I - ring of positive energy

@: mighty, berserking, very quick
A: rugged brown scales 1, powered by pain 2, weakness stinger 1
a: no special abilities


You were on level 8 of the Dungeon.
You visited 2 branches of the dungeon, and saw 9 of its levels.

You collected 477 gold pieces.
You spent 308 gold pieces at shops.

Inventory:

Hand Weapons
 z - the +4 mace "Tigocza" {flame, rCorr Str+2 Int+3 Stlth+}
   (You found it on level 3 of the Dungeon)

   Str:       It affects your strength (+2).
   Int:       It affects your intelligence (+3).
   rCorr:     It protects you from acid and corrosion.
   Stlth:     It makes you more stealthy.
 G - the +2 dagger of Gunkiy Fuop {heavy, rPois rC+ Str-3 SInv}
   (You found it on level 8 of the Dungeon)

   Str:       It affects your strength (-3).
   rC:        It protects you from cold.
   rPois:     It protects you from poison.
   SInv:      It lets you see invisible.
 J - a +0 morningstar (weapon)
 L - a +1 heavy mace
Missiles
 h - 31 poisoned darts
 j - 22 stones (quivered)
 B - 13 boomerangs
Armour
 a - a +0 plate armour
 c - a +0 buckler (worn)
 e - a +2 helmet (worn)
 g - a +0 cloak (worn)
 i - a +1 pair of gloves (worn)
 n - a +2 leather armour of poison resistance (worn)
 o - a +0 pair of boots (worn)
 t - an orb of energy
Jewellery
 w - a +4 ring of protection (left hand)
 I - a ring of positive energy (right hand)
Scrolls
 k - 4 scrolls of fog {unknown}
 l - 5 scrolls of amnesia {unknown}
 m - 7 scrolls of teleportation {unknown}
 p - 9 scrolls of identify {unknown}
 q - 2 scrolls of enchant armour {unknown}
 r - a scroll of summoning {unknown}
 u - 3 scrolls of enchant weapon {unknown}
 y - a scroll of acquirement {unknown}
 A - 3 scrolls of brand weapon {unknown}
 C - 2 scrolls of immolation {unknown}
 D - 3 scrolls of fear {unknown}
 H - a scroll of blinking {unknown}
Potions
 b - 2 potions of mutation {unknown}
 d - a potion of might
 f - 4 potions of heal wounds {unknown}
 v - 2 potions of resistance
 x - 6 potions of curing
 E - 2 potions of haste {unknown}
 F - a potion of lignification
 K - a potion of attraction {unknown}


   Skills:
 + Level 7.8 Fighting
 * Level 10.1 Maces & Flails
 - Level 1.0 Throwing
 + Level 5.9 Armour
 - Level 2.0 Dodging
 - Level 1.0 Stealth
 - Level 2.6 Shields
 - Level 3.0 Evocations


You had 9 spell levels left.
You didn't know any spells.
Your spell library contained the following spells:

 Spells                   Type           Power      Damage    Failure   Level
 Sublimation of Blood     Necr           0%         N/A       67%         2
 Wereblood                Tmut           0%         N/A       67%         2
 Animate Armour           Summ/Erth      0%         N/A       99%         4
 Animate Dead             Necr           0%         N/A       99%         4
 Blade Hands              Tmut           0%         N/A       100%        5
 Borgnjor's Vile Clutch   Necr/Erth      0%         N/A       100%        5
 Freezing Cloud           Conj/Ice/Air   0%         6-21      100%        5
 Death Channel            Necr           0%         N/A       100%        6
 Iron Shot                Conj/Erth      0%         9d1       100%        6
 Simulacrum               Ice/Necr       0%         N/A       100%        6
 Haunt                    Necr/Summ      0%         N/A       100%        7
 Summon Hydra             Summ           0%         N/A       100%        7
 Infestation              Necr           0%         N/A       100%        8
 Polar Vortex             Ice            0%         N/A       100%        9


Dungeon Overview and Level Annotations

Branches:
Dungeon (8/15)             Temple (1/1) D:4
   Lair: D:8-11

Altars:
Ashenzari
Cheibriados
Dithmenos
Fedhas
Gozag
Hepliaklqana
Kikubaaqudgha
Makhleb
Okawaru
Qazlal
Ru
Sif Muna
Trog
Uskayaw
Vehumet
Wu Jian
Xom
Yredelemnul

Shops:
D:5 !==   D:6 *

Annotations:
D:8 1 transporter, RandomusNamus's ghost, journeyman TrFi


Innate Abilities, Weirdness & Mutations

You are partially covered in rugged brown scales. (AC +1, +3% HP)
You sometimes gain power by taking damage.
You have a small tail.


Message History

The water moccasin is moderately wounded.
The water moccasin misses you.
You puncture RandomusNamus's ghost!
Your tail-slap misses RandomusNamus's ghost.
RandomusNamus's ghost is lightly damaged.
The moth of wrath goads something on!
The moth of wrath goads the bullfrog on!
The bullfrog goes berserk!
You barely miss RandomusNamus's ghost.
RandomusNamus's ghost is lightly damaged.
RandomusNamus's ghost hits you!
You puncture RandomusNamus's ghost!
RandomusNamus's ghost is moderately damaged.
RandomusNamus's ghost hits you!!
* * * LOW HITPOINT WARNING * * *
You focus on the pain.
You feel mightier all of a sudden.
A red film seems to cover your vision as you go berserk!
You feel yourself moving faster!
You feel mighty!
The bullfrog rages.
RandomusNamus's ghost hits you but does no damage.
You sock RandomusNamus's ghost!
You tail-slap RandomusNamus's ghost, but do no damage.
RandomusNamus's ghost is moderately damaged.
RandomusNamus's ghost hits you!
* * * LOW HITPOINT WARNING * * *
You impale RandomusNamus's ghost!!
RandomusNamus's ghost is heavily damaged.
RandomusNamus's ghost hits you!!
* * * LOW HITPOINT WARNING * * *
You completely miss RandomusNamus's ghost.
RandomusNamus's ghost is heavily damaged.
RandomusNamus's ghost barely misses you.
You impale RandomusNamus's ghost!!
RandomusNamus's ghost is severely damaged.
You sock RandomusNamus's ghost!
RandomusNamus's ghost is almost destroyed.
The water moccasin rages. x2
RandomusNamus's ghost hits you!
You die...

## ##.....................#
.####.........####.©.####..#
....'.......###. #####..##.##
.####......##..#..[:!....#..#
### ##.....#....###[..##.##.#
..# ##....##.#.....#.....#.#
#.# ##....#...#Sy©..##..#.#
#.# ##'#.#..##WF#......#.#
#.# #.#.#...@#...#...##.#
#.#######...##......#....#..#
.......##....##©###..#####.##
#...##.#...#..###©####.....#
#...##.................#####
#...##.#...####.#.######
######.##..# #...#
#.###.####.### #.# #......#


You could see a moth of wrath, a water moccasin (berserk), a bullfrog (berserk)
and RandomusNamus's ghost.

Vanquished Creatures
  A hornet (D:7)
  Grinder (D:4)
  The ghost of Iich the Trooper, an amateur MiFi (D:4)
  2 wyverns
  Eustachio (D:5)
  A steam dragon (D:8)
  2 water moccasins
  3 orc warriors
  A black bear (D:7)
  An ice beast (D:7)
  2 centaurs
  A phantom (D:6)
  2 kobold brigands
  2 necrophages (D:6)
  2 bullfrogs (D:7)
  3 scorpions
  11 wights (D:8)
  3 killer bees (D:7)
  An electric eel (D:7)
  A howler monkey (D:7)
  6 orc priests
  4 jellies
  3 hounds
  6 iguanas
  10 orc wizards
  17 adders
  4 gnolls (D:4)
  2 shadow imps
  2 white imps
  2 worms
  28 orcs
  9 endoplasms
  4 giant cockroaches
  10 goblins
  13 hobgoblins
  6 jackals
  3 quokkas
  9 ball pythons
  4 bats
  7 frilled lizards
  17 kobolds
  5 rats
213 creatures vanquished.

Notes
Turn   | Place    | Note
-------+----------+-------------------------------------------
     0 | D:1      | IdlyInterested the Demonspawn Fighter began the quest for
                  | the Orb.
     0 | D:1      | Reached XP level 1. HP: 18/18 MP: 1/1
    82 | D:1      | Reached skill level 2 in Maces & Flails
   355 | D:1      | Gained mutation: You are partially covered in rugged brown
                  | scales. (AC +1, +3% HP) [demonic ancestry]
   355 | D:1      | Reached XP level 2. HP: 18/24 MP: 2/2
   649 | D:2      | Reached XP level 3. HP: 14/29 MP: 3/3
   813 | D:2      | Found a faded altar of an unknown god.
   882 | D:2      | Reached skill level 3 in Maces & Flails
   964 | D:2      | Noticed a scorpion
   976 | D:2      | Reached skill level 1 in Dodging
   987 | D:2      | Killed a scorpion
   988 | D:2      | Reached skill level 1 in Throwing
   988 | D:2      | Gained mutation: You sometimes gain a little power by
                  | taking damage. [demonic ancestry]
   988 | D:2      | Reached XP level 4. HP: 19/36 MP: 4/4
  1099 | D:2      | Reached skill level 4 in Maces & Flails
  1347 | D:2      | Reached XP level 5. HP: 33/42 MP: 5/5
  1475 | D:2      | Found a basalt altar of Yredelemnul.
  1943 | D:3      | Identified the +4 mace "Tigocza" {flame, rCorr Str+2 Int+3
                  | Stlth+}
  1987 | D:3      | Reached skill level 1 in Evocations
  2526 | D:3      | Reached skill level 1 in Stealth
  2572 | D:3      | Reached XP level 6. HP: 48/48 MP: 6/6
  3490 | D:4      | Found a staircase to the Ecumenical Temple.
  3518 | Temple   | Entered the Ecumenical Temple
  3914 | D:4      | Noticed Iich's ghost (amateur MiFi)
  3915 | D:4      | Found a runed translucent door.
  3935 | D:4      | Noticed Grinder
  3947 | D:4      | Paralysed by Grinder for 4 turns
  3952 | D:4      | Killed Grinder
  3953 | D:4      | Reached skill level 5 in Maces & Flails
  3953 | D:4      | Gained mutation: You sometimes gain power by taking damage.
                  | [demonic ancestry]
  3953 | D:4      | Reached XP level 7. HP: 13/55 MP: 7/7
  4403 | D:4      | Killed Iich's ghost
  4404 | D:4      | Reached skill level 6 in Maces & Flails
  4509 | D:5      | Entered Level 5 of the Dungeon
  4527 | D:5      | Noticed Eustachio
  4538 | D:5      | Killed Eustachio
  4539 | D:5      | Reached skill level 5 in Fighting
  4642 | D:5      | Reached XP level 8. HP: 63/63 MP: 8/8
  4690 | D:5      | Found Nuas Iru's Jewellery Boutique.
  4802 | D:5      | Found Vawyewerph's Jewellery Shoppe.
  5000 | D:5      | Found a shimmering blue altar of Sif Muna.
  5081 | D:5      | Reached skill level 7 in Maces & Flails
  5148 | D:5      | Found Wishagha's Distillery.
  5156 | D:5      | Bought a potion of degeneration for 13 gold pieces
  5156 | D:5      | Bought a potion of curing for 39 gold pieces
  5156 | D:5      | Bought a potion of lignification for 39 gold pieces
  5156 | D:5      | Bought a potion of resistance for 130 gold pieces
  5501 | D:6      | Found Xopruopu's Assorted Antiques.
  5551 | D:6      | Bought a scroll labelled PENYM MUEB VOL for 29 gold pieces
  5551 | D:6      | Bought a scroll labelled EZUQUS KE DIXUENWO for 29 gold
                  | pieces
  5731 | D:6      | Found an opulent altar of Gozag.
  5738 | D:6      | Reached skill level 8 in Maces & Flails
  5956 | D:6      | Bought a scroll labelled EFOASUPOCA for 29 gold pieces
  6089 | D:7      | Reached XP level 9. HP: 70/71 MP: 9/9
  6411 | D:7      | Found an iron altar of Okawaru.
  6614 | D:7      | Reached skill level 9 in Maces & Flails
  6614 | D:7      | Reached skill level 5 in Armour
  6838 | D:7      | Found a blossoming altar of Fedhas.
  6847 | D:7      | Found a broken altar of Ashenzari.
  7382 | D:8      | Found a transporter.
  7398 | D:8      | Noticed RandomusNamus's ghost (journeyman TrFi)
  7408 | D:8      | Found a transporter.
  7408 | D:8      | Noticed a moth of wrath
  7659 | D:8      | Identified the +2 dagger of Gunkiy Fuop {heavy, rPois rC+
                  | Str-3 SInv}
  7957 | D:8      | Gained mutation: You have a small tail. [demonic ancestry]
  7957 | D:8      | Reached XP level 10. HP: 59/79 MP: 10/10
  8180 | D:8      | Found a burning altar of Makhleb.
  8408 | D:8      | Found a stormy altar of Qazlal.
  8559 | D:8      | Reached skill level 10 in Maces & Flails
  8831 | D:8      | HP: 5/123 [RandomusNamus's ghost (22)]
  8834 | D:8      | Slain by RandomusNamus's ghost

Illustrated notes

Levels and vault maps discovered:
D:1:      ncdulo_lavacross, layout_rooms
D:2:      wad_river_or_something, layout_basic,
          shapermc_ecumenical_altar_totnotflames, basic_altar
D:3:      minmay_razor_zed, layout_basic, st_stairs_11, grunt_ministairs_1,
          kennysheep_decorative_pillar, minmay_misc_feat_iff
D:4:      layout_basic, nicolae_tso_carved_into_rock,
          mainiacjoe_overflow_alcove_1, minmay_temple_entry_slanted,
          hellmonk_ghost_happy_afterlife, uniq_grinder
D:5:      layout_cave_pools, nicolae_overflow_crystal_walls, serial_shops,
          nicolae_take_the_stairs, shop_statue, shop, kennysheep_small_square,
          uniq_eustachio
D:6:      layout_basic, mainiacjoe_overflow_catwalk, serial_shops,
          shop_fountains
D:7:      layout_basic, mainiacjoe_overflow_24_doors,
          amethyst_overflow_temple_binary, grunt_ministairs_6,
          kennysheep_generic_room_9
D:8:      layout_loops_corners, kennysheep_mini,
          mainiacjoe_overflow_six_doors_small, gammafunk_ghost_berserking_beasts
Temple:   chequers_temple_sunken

Skill      XL: |  1  2  3  4  5  6  7  8  9 10 |
---------------+-------------------------------+-----
Maces & Flails | 2 3 4 5 6 8 9 10 | 10.1
Armour         | 3 4 5 |  5.9
Dodging        | 1 2 |  2.0
Throwing       | 1 |  1.0
Evocations     | 1 2 3 |  3.0
Stealth        | 1 |  1.0
Fighting       | 4 5 6 7 |  7.8
Shields        | |  2.6

Action                     |  1- 3 |  4- 6 |  7- 9 | 10-12 || total
---------------------------+-------+-------+-------+-------++-------
  Melee: Flail             |   122 |    80 |       |       ||   202
         Mace              |       |   103 |   335 |    30 ||   468
         Morningstar       |       |       |       |    27 ||    27
         Tailslap          |       |       |       |     6 ||     6
  Throw: Dart              |     1 |       |       |       ||     1
         Stone             |       |    32 |    33 |    14 ||    79
    Use: Potion            |       |       |       |     2 ||     2
   Stab: Sleeping          |       |     2 |     7 |       ||     9
 Armour: Scale mail        |    76 |   106 |       |       ||   182
         Chain mail        |       |     4 |    33 |       ||    37
         Leather armour    |       |       |   125 |    19 ||   144
  Dodge: Dodged            |    49 |    67 |   164 |    28 ||   308
  Block: Buckler           |    34 |    44 |    56 |     9 ||   143

Table legend: (Time is in decaauts)
 A = Elapsed time spent in this place.
 B = Non-inter-level travel time spent in this place.
 C = Inter-level travel time spent in this place.
 D = Time resting spent in this place.
 E = Time spent auto-exploring this place.
 F = Levels seen in this place.
 G = Mean time per level.
                   A        B        C        D        E       F      G
               +--------+--------+--------+--------+--------+-----+--------+
         Total |   9000 |   7868 |   1132 |   1100 |   4523 |   9 | 1000.0 |
       Dungeon |   8746 |   7614 |   1132 |   1100 |   4303 |   8 | 1093.2 |
        Temple |    254 |    254 |      0 |      0 |    220 |   1 |  254.0 |
               +--------+--------+--------+--------+--------+-----+--------+

Top non-repeatable levels by time:
     D:8: 1511 daAuts
     D:4: 1336 daAuts
     D:3: 1325 daAuts
     D:2: 1209 daAuts
     D:7: 1127 daAuts
     D:6: 932 daAuts
     D:5: 668 daAuts
     D:1: 634 daAuts
  Temple: 254 daAuts
